 Dungeon Crawl Stone Soup version 0.21.1-1-g345015fe64 (webtiles) character file.

828 Mrkan the Basher (level 7, -7/64 HPs)
             Began as a Minotaur Berserker on July 13, 2018.
             Was a Priest of Trog.
             Mangled by an orc warrior
             ... wielding a +0 scimitar
              (10 damage)
             ... on level 6 of the Dungeon.
             The game lasted 00:09:35 (4785 turns).

Mrkan the Basher (Minotaur Berserker)               Turns: 4785, Time: 00:09:35

Health: -7/64      AC: 11    Str: 21    XL:     7   Next: 64%
Magic:  6/6        EV:  9    Int:  4    God:    Trog [***...]
Gold:   371        SH:  0    Dex: 12    Spells: 6/6 levels left

rFire    . . .     SeeInvis .   p - +0 flail
rCold    . . .     Gourm    .   (no shield)
rNeg     + . .     Faith    .   g - +0 chain mail
rPois    +         Spirit   .   (helmet restricted)
rElec    .         Reflect  .   (no cloak)
rCorr    .         Harm     .   (no gloves)
MR       .....                  f - +0 pair of boots
Stlth    ..........             (no amulet)
HPRegen  0.20/turn              q - ring of poison resistance
MPRegen  0.10/turn              m - ring of positive energy

@: no status effects
A: retaliatory headbutt, horns 2
a: Berserk, Trog's Hand, Burn Spellbooks, Renounce Religion


You were on level 6 of the Dungeon.
You worshipped Trog.
Trog was most pleased with you.
You were hungry.

You visited 1 branch of the dungeon, and saw 6 of its levels.

You collected 371 gold pieces.

Inventory:

Hand Weapons
 a - a +1 mace
 o - a +2 mace of holy wrath
 p - a +0 flail (weapon)
Missiles
 h - 197 stones (quivered)
Armour
 b - a +0 animal skin
 f - a +0 pair of boots (worn)
 g - a +0 chain mail (worn)
Jewellery
 j - an uncursed ring of stealth
 m - a ring of positive energy (right hand)
 q - a ring of poison resistance (left hand)
 r - an uncursed ring of flight {unknown}
Wands
 s - a wand of acid (6)
Scrolls
 i - 8 scrolls of remove curse
 k - a scroll of teleportation {unknown}
 t - a scroll of identify
Potions
 d - 2 potions of brilliance
 e - 2 potions of haste
 l - a potion of mutation {unknown}
 n - 6 potions of curing {unknown}
Comestibles
 c - 15 rations


   Skills:
 + Level 6.3 Fighting
 * Level 8.0 Maces & Flails
 + Level 5.6 Armour
 - Level 2.5 Dodging


You had 6 spell levels left.
You didn't know any spells.

Dungeon Overview and Level Annotations

Branches:
Dungeon (6/15)
 Temple: D:4-7

Altars:
Cheibriados
Elyvilon
Gozag
Makhleb
Okawaru
Sif Muna
Yredelemnul


Innate Abilities, Weirdness & Mutations

You reflexively headbutt those who attack you in melee.
You have a pair of horns on your head.


Message History

The adder closely misses you.
You hit the orc warrior. Your headbutt misses the orc warrior.
The orc warrior is heavily wounded.
The orc warrior hits you but does no damage.
The adder misses you. The orc hits you with a mace.
You closely miss the orc warrior.
The orc warrior is heavily wounded.
The adder bites you.
The orc warrior hits you with a scimitar!!
* * * LOW HITPOINT WARNING * * *
The orc hits you but does no damage. The orc barely misses you.
You hit the orc warrior but do no damage.
The orc warrior is heavily wounded.
The adder bites you but does no damage.
The orc warrior hits you with a scimitar!
* * * LOW HITPOINT WARNING * * *
The orc hits you but does no damage. The adder bites you but does no damage.
The orc hits you but does no damage.
The orc warrior hits you with a scimitar!
You die...

#. #..##.#.#.>........
#.<###.................(
#........#.#.#.#####.###
#.###....#.....# #.# #
#....###.### #.# #
#.###....###.# #.# #
#.(..........# #.. .
#####......### #.# #
#.#@o#.# ..# #.#So#.#
#.#o...# .......#
#.###..# #. ..# # [..
#.## .#


You could see an orc warrior, an adder and 2 orcs.

Vanquished Creatures
  A sky beast (D:6)
  2 phantoms (D:6)
  A bullfrog (D:5)
  2 bullfrog skeletons
  5 orc wizards
  An orc priest (D:5)
  An iguana (D:6)
  4 worker ants
  4 adders
  2 adder skeletons (D:4)
  A worm (D:3)
  7 dart slugs
  A leopard gecko (D:1)
  9 orcs
  6 giant cockroaches
  4 goblins
  7 hobgoblins
  14 jackals (D:3)
  9 kobolds
  5 quokkas
  3 bats (D:1)
  4 frilled lizards
  4 rats
97 creatures vanquished.

Notes
Turn   | Place    | Note
-------+----------+-------------------------------------------
     0 | D:1      | Mrkan the Minotaur Berserker began the quest for the Orb.
     0 | D:1      | Reached XP level 1. HP: 19/19 MP: 0/0
   217 | D:1      | Reached XP level 2. HP: 21/27 MP: 1/1
   459 | D:1      | Reached skill level 4 in Maces & Flails
   596 | D:1      | Reached ** piety under Trog
   596 | D:1      | Reached XP level 3. HP: 31/33 MP: 2/2
  1183 | D:2      | Found an opulent altar of Gozag.
  1742 | D:3      | Reached XP level 4. HP: 41/41 MP: 3/3
  2116 | D:3      | Found a basalt altar of Yredelemnul.
  2180 | D:3      | Found a deep blue altar of Sif Muna.
  2274 | D:3      | Found a snail-covered altar of Cheibriados.
  2274 | D:3      | Found a burning altar of Makhleb.
  2296 | D:3      | Reached skill level 5 in Maces & Flails
  2705 | D:4      | Reached XP level 5. HP: 46/47 MP: 4/4
  2909 | D:4      | Reached *** piety under Trog
  2911 | D:4      | Reached skill level 5 in Fighting
  2919 | D:4      | Reached skill level 6 in Maces & Flails
  3205 | D:4      | Reached XP level 6. HP: 42/56 MP: 5/5
  3215 | D:4      | Found a white marble altar of Elyvilon.
  3403 | D:5      | Entered Level 5 of the Dungeon
  3905 | D:5      | Reached skill level 7 in Maces & Flails
  4530 | D:6      | Found an iron altar of Okawaru.
  4542 | D:6      | Reached skill level 5 in Armour
  4542 | D:6      | Reached XP level 7. HP: 62/62 MP: 6/6
  4746 | D:6      | Reached skill level 8 in Maces & Flails
  4784 | D:6      | HP: 3/64 [orc warrior/scimitar (13)]
  4785 | D:6      | Mangled by an orc warrior

Skill      XL: |  1  2  3  4  5  6  7 |
---------------+----------------------+-----
Fighting       | 4 5 6 |  6.3
Maces & Flails | 4 5 6 7 8 |  8.0
Armour         | 3 4 5 |  5.6
Dodging        | |  2.5

Action                   |  1- 3 |  4- 6 |  7- 9 || total
-------------------------+-------+-------+-------++-------
Melee: Mace              |    70 |    88 |       ||   158
       Headbutt          |    10 |    34 |    11 ||    55
       Flail             |       |    32 |    40 ||    72
  Use: Scroll            |       |     8 |       ||     8
  Eat: Chunk             |     1 |     6 |     1 ||     8
       Ration            |     1 |       |       ||     1
Armor: Chain mail        |    31 |    81 |    28 ||   140
Dodge: Dodged            |    45 |    56 |    18 ||   119
